 Dungeon Crawl Stone Soup version 0.31.0-12-g77e489cdc1 (webtiles) character file.

Game seed: 6519913027442131262

36 Killerpretzel the Changeling (level 3, -2/23 HPs)
             Began as an Octopode Shapeshifter on Feb 11, 2024.
             Killed from afar by an orc wizard (6 damage)
             ... with a magic dart
             ... on level 3 of the Dungeon.
             The game lasted 00:00:52 (1111 turns).

Killerpretzel the Changeling (OpSh)                 Turns: 1111, Time: 00:00:53

Health: -2/23      AC:  1    Str: 13    XL:     3   Next: 37%
Magic:  3/3        EV: 13    Int: 12    God:
Gold:   49         SH:  0    Dex: 13    Spells: 2/2 levels left

rFire   . .          .
                       - Unarmed
rCold   . . .        (no shield)
rNeg    . . .        (helmet currently unavailable)
rPois   .            d - amulet of the acrobat
rElec   .            (no ring)
rCorr   .            (no ring)
SInv    .            (no ring)
Will    .....        (no ring)
Stlth   ++           (no ring)
HPRegen 0.23/turn    (no ring)
MPRegen 0.08/turn    (no ring)
                     (no ring)

%: acrobat
@: beast-form
A: beast (slay +2), almost no armour, amphibious, 8 rings, camouflage 1,
gelatinous body 1, (nimble swimmer 1), tentacles
a: Begin Untransformation


You were on level 3 of the Dungeon.
You were a hulking beast.
You visited 1 branch of the dungeon, and saw 3 of its levels.

You collected 49 gold pieces.

Inventory:

Jewellery
 d - an amulet of the acrobat (around mantle)
Talismans
 b - a beast talisman
 c - a flux talisman
Scrolls
 g - a scroll of immolation
Potions
 a - a potion of lignification
 e - 2 potions of magic
 h - a potion of attraction {unknown}


   Skills:
 + Level 1.5 Fighting
 + Level 2.3 Dodging
 + Level 3.3 Unarmed Combat
 * Level 3.5 Shapeshifting


You had 2 spell levels left.
You didn't know any spells.
Your spell library contained the following spells:

 Spells                   Type           Power      Damage    Failure   Level
 Ensorcelled Hibernation  Hex/Ice        0%         N/A       45%         2
 Gell's Gravitas          Tloc           0%         N/A       69%         3
 Passwall                 Erth           0%         N/A       69%         3
 Swiftness                Air            0%         N/A       69%         3
 Teleport Other           Tloc           0%         N/A       69%         3
 Dispersal                Tloc           0%         N/A       100%        6


Dungeon Overview and Level Annotations

Branches:
Dungeon (3/15)

Altars:


Innate Abilities, Weirdness & Mutations

You are a hulking beast.
Your limbs bulge with bestial killing power. (Slay +2)
You cannot wear most types of armour.
You are amphibious.
You can wear up to eight rings at the same time.
Your skin changes colour to match your surroundings (Stealth+).
Your rubbery body absorbs attacks. (AC +1, EV +1)
((You are camouflaged when in or above water. (Stealth+)))
You have tentacles for arms and can constrict up to eight enemies at once.


Message History

Things that are here:
a +0 dagger; a kobold corpse
There is a stone staircase leading down here.
You climb downwards.
The orc shouts!
You hear a shout!
The orc shouts!
You hear a shout!
There is a stone staircase leading up here.
There are monsters nearby!
The orc misses you.
You tentacle-slap the orc. Your grab misses the orc. You squeeze the orc.
You kill the orc!
An orc wizard comes into view. It is wielding a +0 dagger.
You tentacle-slap the orc. You grab the orc. You squeeze the orc.
The orc is moderately wounded.
You constrict the orc. The orc hits you with a +0 hand axe.
You tentacle-slap the orc.
The orc is almost dead.
You constrict the orc.
You kill the orc!
The orc wizard points at you and mumbles some strange words.
The puff of flame hits you!
Items here: )) ††.
You tentacle-slap the orc wizard. Your grab misses the orc wizard.
The orc wizard is lightly wounded.
The orc wizard casts a spell.
The orc wizard flickers and vanishes!
Deactivating autopickup; reactivate with Ctrl-A.
You tentacle-slap something.
An orc wizard comes into view. It is wielding a +0 dagger.
Something hits you.
You barely miss something. The orc wizard casts a spell at you.
The magic dart hits you.
* * * LOW HITPOINT WARNING * * *
Something hits you.
* * * LOW HITPOINT WARNING * * *
You miss something.
You hear some strange, mumbled words.
A magic dart appears from out of thin air!
The magic dart hits you.
You die...

### #.. #$#
###.## ##
.... ).
#o####.#
#<..h{o#
#######.....
###


You could see 2 orc wizards.

Vanquished Creatures
  An adder (D:2)
  2 orcs (D:3)
  3 goblins
  3 hobgoblins
  3 jackals (D:1)
  3 kobolds
  A quokka (D:1)
  2 ball pythons
  2 bats
  A frilled lizard (D:1)
  2 rats (D:2)
23 creatures vanquished.

Notes
Turn   | Place    | Note
-------+----------+-------------------------------------------
     0 | D:1      | Killerpretzel the Octopode Shapeshifter began the quest for
                  | the Orb.
     0 | D:1      | Reached XP level 1. HP: 13/13 MP: 1/1
    86 | D:1      | Reached XP level 2. HP: 18/18 MP: 2/2
   115 | D:1      | Found a faded altar of an unknown god.
   359 | D:1      | You fall into a shaft and drop 1 floor!
   658 | D:2      | Reached XP level 3. HP: 23/23 MP: 3/3
  1111 | D:3      | Killed from afar by an orc wizard

Illustrated notes

Levels and vault maps discovered:
D:1:      lightli_arrival_statue_moat, layout_basic,
          hellmonk_ecumenical_altar_blasted
D:2:      layout_loops_cross
D:3:      layout_loops_cross, grunt_temple_overflow_order_and_chaos_2,
          st_stairs_13, chequers_serial_rivers_room_b,
          minmay_misc_feat_nine_boxes

Action                     || total
---------------------------++-------
  Melee: Unarmed           ||    44
         Constrict         ||    10
         Tentacles         ||     8
         Punch             ||     2
    Use: Scroll            ||     3
   Stab: Sleeping          ||     9
 Armour: Skin              ||    14
  Dodge: Dodged            ||    23
